 Dungeon Crawl Stone Soup version 0.30-a0-263-ge22c4ad894 (webtiles) character file.

Game seed: 16571537812623031012

21 Lanoc the Changer (level 2, 0/14 HPs)
             Began as a Spriggan Transmuter on Oct 13, 2022.
             Was a High Priest of Ignis.
             Slain by a quokka (1 damage)
             ... on level 1 of the Dungeon.
             The game lasted 00:02:21 (605 turns).

Lanoc the Changer (Spriggan Transmuter)              Turns: 605, Time: 00:02:21

Health: 0/14       AC:  2    Str:  6    XL:     2   Next: 62%
Magic:  6/6        EV: 14    Int: 14    God:    Ignis [*****.]
Gold:   43         SH:  0    Dex: 15    Spells: 5/6 levels left

rFire   + . .      SeeInvis +      - Unarmed
rCold   . . .      Faith    .    (no shield)
rNeg    . . .      Spirit   .    a - +0 robe
rPois   .          Reflect  .    (helmet currently unavailable)
rElec   .          Harm     .    (no cloak)
rCorr   .          Rampage  .    (gloves unavailable)
Will    .....                    (boots unavailable)
Stlth   +.........               (no amulet)
HPRegen 0.22/turn                (no ring)
MPRegen 0.10/turn                (no ring)

@: appendages (expiring), constricted, very quick
A: horns 2, talons 2, very small, no large weapons, unfitting armour, see
invisible, speed 3
a: End Transformation, Renounce Religion, Fiery Armour, Foxfire Swarm, Rising
Flame


You were on level 1 of the Dungeon.
You worshipped Ignis.
Ignis was extremely pleased with you.
You had temporarily grown beastly horns and talons.
You visited 1 branch of the dungeon, and saw 1 of its levels.

You collected 43 gold pieces.

Inventory:

Armour
 a - a +0 robe (worn)
Scrolls
 c - a scroll of amnesia {unknown}
 d - a scroll of magic mapping {unknown}
 e - a scroll of vulnerability {unknown}
 g - 3 scrolls of teleportation {unknown}
Potions
 b - a potion of lignification
 f - a potion of curing {unknown}
 h - a potion of flight {unknown}
 i - a potion of degeneration {unknown}


   Skills:
 - Level 0.7 Fighting
 + Level 3.1 Dodging
 + Level 2.6 Unarmed Combat
 - Level 2.6 Spellcasting
 * Level 3.6 Transmutations


You had 5 spell levels left.
You knew the following spells:

 Your Spells              Type           Power      Damage    Failure   Level
a - Beastly Appendage     Tmut           24%        N/A       4%          1

Your spell library contained the following spells:

 Spells                   Type           Power      Damage    Failure   Level
 Wereblood                Tmut           12%        N/A       8%          2
 Spider Form              Tmut/Pois      7%         N/A       30%         3
 Ice Form                 Ice/Tmut       7%         N/A       71%         4


Dungeon Overview and Level Annotations

Branches:
Dungeon (1/15)

Altars:
Ignis


Innate Abilities, Weirdness & Mutations

You have temporarily grown beastly horns and talons.
You are very small and have problems with some larger weapons.
You are too small for most types of armour.
You have supernaturally acute eyesight. (SInv)
You cover ground extremely quickly. (Speed+++)


Message History

You claw the ball python, but do no damage.
You headbutt the ball python.
You kill the ball python!
The ball python closely misses you. The ball python grabs you.
The ball python constricts you.
You barely miss the ball python. Your kick misses the ball python.
You headbutt the ball python, but do no damage.
The quokka bites you. The ball python closely misses you.
The ball python constricts you.
You are too injured to fight recklessly!
You are too injured to fight recklessly!
You are too injured to fight recklessly!
You are too injured to fight recklessly!
You are too injured to fight recklessly!
You are too injured to fight recklessly!
You are too injured to fight recklessly!
You are too injured to fight recklessly!
You are too injured to fight recklessly!
You are too injured to fight recklessly!
You are too injured to fight recklessly!
You are too injured to fight recklessly!
You are too injured to fight recklessly!
You barely miss the quokka. The quokka closely misses you.
The ball python closely misses you. The ball python constricts you.
The quokka barely misses you.
You closely miss the quokka. Your kick misses the quokka.
Your headbutt misses the quokka.
Your transformation is almost over.
The ball python misses you. The ball python constricts you.
The quokka bites you.
* * * LOW HITPOINT WARNING * * *
The ball python bites you.
* * * LOW HITPOINT WARNING * * *
The ball python constricts you.
* * * LOW HITPOINT WARNING * * *
You hit the quokka. Your kick misses the quokka.
Your headbutt misses the quokka.
The quokka is severely wounded.
The quokka bites you.
You die...

.##.........#.......##
.##..[......#.......#
.##......>....#.....#
.##..........##.....#
###.........##...#### #
###..)...[...###
#####..#..##..##########
.......#..#....#........
###....#....##..@r......
# #.#..##..#####†S......
# #.#..##..# #........
###.#.....## #........
##..#.#.#.# #........
##.####...# #........
##........# #........
#..#####..## #........
..###......##


You could see a quokka and a ball python.

Vanquished Creatures
  2 ball pythons (D:1)
  3 endoplasms (D:1)
  2 goblins (D:1)
  2 hobgoblins (D:1)
  A quokka (D:1)
  3 bats (D:1)
  A frilled lizard (D:1)
  2 kobolds (D:1)
  3 rats (D:1)
19 creatures vanquished.

Notes
Turn   | Place    | Note
-------+----------+-------------------------------------------
     0 | D:1      | Lanoc the Spriggan Transmuter began the quest for the Orb.
     0 | D:1      | Reached XP level 1. HP: 9/9 MP: 5/5
   223 | D:1      | Reached XP level 2. HP: 9/14 MP: 6/6
   348 | D:1      | Found a faded altar of an unknown god.
   349 | D:1      | Noticed a floating eye
   354 | D:1      | Noticed a golden eye
   354 | D:1      | Noticed a shining eye
   354 | D:1      | Noticed a floating eye
   371 | D:1      | Prayed at the altar of an unknown god.
   371 | D:1      | Became a worshipper of Ignis, the Dying Flame
   605 | D:1      | Slain by a quokka

Illustrated notes

Levels and vault maps discovered:
D:1:      dpeg_arrival_shrine, layout_rooms,
          hellmonk_ecumenical_altar_watching_god

Skill      XL: |  1 |
---------------+----+-----
Transmutations | 3 |  3.6
Dodging        | 3 |  3.1
Fighting       | |  0.7
Unarmed Combat | |  2.6
Spellcasting   | |  2.6

Action                   || total
-------------------------++-------
Melee: Unarmed           ||    76
       Headbutt          ||     8
       Kick              ||     9
 Cast: Beastly Appendage ||    11
 Abil: End Transformatio ||     1
 Stab: Sleeping          ||     1
Armor: Robe              ||    10
Dodge: Dodged            ||    62

Table legend: (Time is in decaauts)
 A = Elapsed time spent in this place.
 B = Non-inter-level travel time spent in this place.
 C = Inter-level travel time spent in this place.
 D = Time resting spent in this place.
 E = Time spent auto-exploring this place.
 F = Levels seen in this place.
 G = Mean time per level.
                   A        B        C        D        E       F      G
               +--------+--------+--------+--------+--------+-----+--------+
         Total |    471 |    471 |      0 |      0 |    334 |   1 |  471.0 |
       Dungeon |    471 |    471 |      0 |      0 |    334 |   1 |  471.0 |
               +--------+--------+--------+--------+--------+-----+--------+

Top non-repeatable levels by time:
     D:1: 471 daAuts
